 Dungeon Crawl Stone Soup version 0.30-a0-43-gbbf338a72c (webtiles) character file.

Game seed: 9786534565535823713

4859 ytrimaz the Fighter (level 10, 0/142 HPs)
             Began as a Formicid Fighter on Aug 31, 2022.
             Was an Elder of Okawaru.
             Succumbed to a red devil's poison
             ... on level 9 of the Dungeon.
             The game lasted 00:12:45 (10026 turns).

ytrimaz the Fighter (Formicid Fighter)             Turns: 10026, Time: 00:12:46

Health: 0/142      AC: 32    Str: 23    XL:     10   Next: 78%
Magic:  15/15      EV:  2    Int: 13    God:    Okawaru [****..]
Gold:   267        SH: 11    Dex: 12    Spells: 9/9 levels left

rFire   . . .      SeeInvis .    a - +0 war axe (protect) {axe}
rCold   . . .      Faith    .    c - +1 buckler
rNeg    . . .      Spirit   .    (body armour currently unavailable)
rPois   +          Reflect  +    (helmet unavailable)
rElec   .          Harm     .    (cloak currently unavailable)
rCorr   +          Rampage  .    (gloves currently unavailable)
Will    +....      Clarity  +    (boots currently unavailable)
Stlth   +.........               f - amulet of reflection
HPRegen 0.33/turn                h - ring of resist corrosion
MPRegen 0.14/turn                (no ring)

@: lethally poisoned (0 -> -8), tree-form, spiked, under a protective aura,
attractive
A: stationary, stasis, torment immunity, boosted hp, permanent stasis, dig
shafts and tunnels, (antennae 3), four strong arms, (iridescent scales 1),
clarity, clever 1, robust 1
a: Renounce Religion, Heroism, Finesse


You were on level 9 of the Dungeon.
You worshipped Okawaru.
Okawaru was greatly pleased with you.
You were a tree.
You visited 2 branches of the dungeon, and saw 10 of its levels.

You collected 504 gold pieces.
You spent 237 gold pieces at shops.


Innate Abilities, Weirdness & Mutations

You are a tree.
Your roots penetrate the ground, keeping you stationary.
You cannot be teleported.
You are immune to unholy pain and torment.
Your maximum health is greatly increased.
Your equipment is partially melded.
You cannot be hasted, slowed, berserked, paralysed or teleported.
You can dig through walls and to a lower floor.
((You have a pair of large antennae on your head. (SInv)))
Your four strong arms can wield two-handed weapons with a shield.
((You are partially covered in iridescent scales. (AC +2)))
You possess an exceptional clarity of mind.
Your mind is acute. (Int +4, Str/Dex -1)
You are robust. (+10% HP)


   Skills:
 + Level 11.0 Fighting
 + Level 10.0 Axes
 - Level 3.2 Armour
 - Level 4.0 Shields
 * Level 7.8 Invocations


You had 9 spell levels left.
You didn't know any spells.
Your spell library contained the following spells:

 Spells                   Type           Power      Damage    Failure   Level
 Sting                    Tmut/Pois      0%         1d3       36%         1
 Poisonous Vapours        Pois/Air       0%         N/A       50%         2
 Lesser Beckoning         Tloc           0%         N/A       75%         3
 Olgreb's Toxic Radiance  Pois           0%         N/A       98%         4
 Manifold Assault         Tloc           0%         N/A       100%        5
 Blink                    Tloc           Unusable   N/A       N/A         2

Inventory:

Hand Weapons
 a - a +0 war axe of protection (weapon) {axe}
 d - a +1 hand axe of flaming {axe}
   (You took it off an orc on level 7 of the Dungeon)
 v - a +0 hand axe of freezing {axe}
   (You found it on level 5 of the Dungeon)
Missiles
 b - 4 curare-tipped darts {=fthrowing}
 g - 69 stones {throwing}
 k - 7 boomerangs {throwing}
Armour
 c - a +1 buckler (worn)
 n - the +7 chain mail of Purpose (melded) {Str-2 Int+7}
   (You bought it in a shop on level 7 of the Dungeon)

   Str:       It affects your strength (-2).
   Int:       It affects your intelligence (+7).
 s - a +0 chain mail
   (You took it off an orc on level 5 of the Dungeon)
Jewellery
 f - an amulet of reflection (around neck)
   (You found it on level 2 of the Dungeon)
 h - a ring of resist corrosion (left branch)
   (You found it on level 2 of the Dungeon)
Wands
 l - a wand of paralysis (4)
   (You found it on level 5 of the Dungeon)
Scrolls
 e - a scroll of immolation {!r!r}
 i - a scroll of butterflies
 m - 2 scrolls of identify {@r1}
 r - 2 scrolls of enchant weapon
 t - 2 scrolls of fear
 u - a scroll of torment {unknown}
Potions
 j - a potion of magic
 o - 2 potions of brilliance
 q - 2 potions of flight
 x - a potion of mutation {!q}
 z - a potion of ambrosia

Dungeon Overview and Level Annotations

Branches:
Dungeon (9/15) Zot: 26604  Temple (1/1) D:6 Zot: 5773
   Lair: D:8-11         Orc: D:9-12

Altars:
Ashenzari
Cheibriados
Dithmenos
Elyvilon
Fedhas
Gozag
Hepliaklqana
Kikubaaqudgha
Makhleb
Nemelex Xobeh
Okawaru
Qazlal
Ru
Sif Muna
Trog
Uskayaw
Vehumet
Wu Jian
Xom
Yredelemnul
Zin
The Shining One

Shops:
D:7 [?

Annotations:
D:7 2 transporters, Splishie's ghost, novice GnWn

............### .##
............. ..
#.........## .#
#.........####.######
#....................
#.......÷.###<.....<.
{
#..........÷..#<.....
#........####÷.......
#....♣...# #..#......
####)#######.##......
#.######..# .>...
.........## .....
......##### ####
....... #.......#
#.......# #.......#


There were no monsters in sight!


Message History

Really quaff the potion of lignification?
You turn into a tree.
The +7 chain mail of Purpose {Str-2 Int+7} melds into your body.
Your roots penetrate the ground.
You feel extremely sick.
The ufetubus hits you but does no damage.
You block the ufetubus's attack.
The iron imp hits you but does no damage.
You block the kobold demonologist's attack.
The red devil hits you from afar with a +2 demon trident of venom.
* * * LOW HITPOINT WARNING * * *
Barbed spikes become lodged in your body.
You are more poisoned.
The ufetubus hits you but does no damage. x2
The neqoxec hits you but does no damage. 😨 HP[+15]
You now have 141 max hp (+47).
You regained 15 hp, and now have 61/141 hp.
Unknown command.
You hit the kobold demonologist but do no damage.
You hit the neqoxec. You completely miss the iron imp.
You completely miss the ufetubus.
You feel extremely sick.
The ufetubus hits you but does no damage. x2
The kobold demonologist casts a spell.
The red devil hits you from afar with a +2 demon trident of venom.
* * * LOW HITPOINT WARNING * * *
Barbed spikes become lodged in your body.
You are more poisoned.
The neqoxec hits you.
* * * LOW HITPOINT WARNING * * *
The iron imp hits you but does no damage. 😨 HP[-20]
You take 20 damage, and now have 41/141 hp.
You closely miss the kobold demonologist.
You slash the ufetubus!
You kill the ufetubus!
The ufetubus disappears in a puff of smoke!
You closely miss the neqoxec.
You hit the rust devil but do no damage.
You hit the iron imp.
You feel extremely sick.
The kobold demonologist hits you but does no damage.
The red devil hits you from afar with a +2 demon trident of venom!
* * * LOW HITPOINT WARNING * * *
Barbed spikes become lodged in your body.
The neqoxec hits you but does no damage.
You block the rust devil's attack. 😱 HP[-17]
You take 17 damage, and now have 24/141 hp.
Unknown command.
Unknown command.
You cannot move.
Unknown command.
It was a potion of attraction.
You feel attractive to monsters.
* * * LOW HITPOINT WARNING * * *
You feel very sick. You block the iron imp's attack.
The kobold demonologist hits you but does no damage.
You block the red devil's attack. The rust devil hits you.
* * * LOW HITPOINT WARNING * * *
The neqoxec hits you but does no damage. 😱 HP[-11]
You take 11 damage, and now have 13/141 hp.
Unknown command.
Unknown command.
Unknown command.
Press: ? - help, v - describe, . - travel
Here: a kobold demonologist, wielding a +0 dagger and wearing a +0 robe (almost dead)
The floor, spattered with blood.
Unknown command.
Unknown command.
You slash the kobold demonologist!
You kill the kobold demonologist!
Okawaru accepts your kill.
The red devil disappears in a puff of smoke!
The ufetubus disappears in a puff of smoke!
The iron imp disappears in a puff of smoke!
The neqoxec disappears in a puff of smoke!
The rust devil disappears in a puff of smoke!
* * * LOW HITPOINT WARNING * * *
You feel very sick.
Your Fighting skill increases to level 11!
Your Axes skill increases to level 10! 😱 HP[-5]
You now have 142 max hp (+1).
You take 5 damage, and now have 8/142 hp.
Unknown command.
Unknown command.
Unknown command.
* * * LOW HITPOINT WARNING * * *
You feel very sick. 😱 HP[-3]
You take 3 damage, and now have 5/142 hp.
* * * LOW HITPOINT WARNING * * *
You feel very sick. 😱 HP[-3]
You take 3 damage, and now have 2/142 hp.
You die...

Skill      XL: |  1  2  3  4  5  6  7  8  9 10 |
---------------+-------------------------------+-----
Axes           | 3 5 6 7 9 10 | 10.0
Fighting       | 4 5 6 7 8 10 11 | 11.0
Invocations    | 4 7 |  7.8
Armour         | |  3.2
Shields        | |  4.0

Action                   |  1- 3 |  4- 6 |  7- 9 | 10-12 || total
-------------------------+-------+-------+-------+-------++-------
Melee: War axe           |    90 |   103 |   222 |    85 ||   500
       Hand axe          |       |       |    34 |       ||    34
 Abil: Dig               |       |     1 |       |       ||     1
  Use: Scroll            |     6 |     6 |     3 |       ||    15
       Potion            |       |     1 |     7 |     2 ||    10
Armor: Scale mail        |    30 |    29 |     2 |       ||    61
       Chain mail        |       |       |    85 |    55 ||   140
       Skin              |       |       |    25 |    12 ||    37
Dodge: Dodged            |    32 |    34 |    51 |    22 ||   139
Block: Buckler           |    23 |    60 |   128 |    52 ||   263
       Reflection        |       |       |     5 |     1 ||     6

Levels and vault maps discovered:
D:1:      lightli_molten_gateway, layout_rooms, chequers_serial_rivers_micro_e,
          serial_bayou_lagoon_a, minmay_tetromino_i2
D:2:      kennysheep_big_flooded_room, layout_loops_ring,
          chequers_ecumenical_altar_lobes
D:3:      layout_basic
D:4:      layout_basic, xom_redecorated, uniq_sigmund
D:5:      layout_loops_ring, lightli_temple_of_fire, amcnicky_altar_gilded,
          uniq_edmund
D:6:      layout_basic, okawaru_trees_1, minmay_temple_entry_gardened_gates
D:7:      cheibrodos_helix_gallery, layout_loops_ring, gammafunk_ghost_hive,
          nicolae_wooded_promenade, hangedman_decor_clover_reticule,
          st_stairs_10, mrwooster_statue_mirror
D:8:      layout_rooms, minitemple
D:9:      layout_rooms, minmay_lair_entry_grove
Temple:   oiseaux_autumnal_temple

Notes
Turn   | Place    | Note
-------+----------+-------------------------------------------
     0 | D:1      | ytrimaz the Formicid Fighter began the quest for the Orb.
     0 | D:1      | Reached XP level 1. HP: 18/18 MP: 1/1
     0 | D:1      | magus.rc [v1.9.6]
    79 | D:1      | Reached XP level 2. HP: 17/24 MP: 2/2
   496 | D:1      | Reached XP level 3. HP: 20/29 MP: 3/3
   598 | D:1      | Reached skill level 3 in Axes
  1502 | D:2      | Reached skill level 4 in Fighting
  1506 | D:2      | Found a faded altar of an unknown god.
  1657 | D:2      | Reached XP level 4. HP: 36/37 MP: 4/4
  2604 | D:3      | Reached XP level 5. HP: 43/43 MP: 5/5
  2685 | D:3      | You add the spells Sting, Poisonous Vapours and Olgreb's
                  | Toxic Radiance to your library.
  3231 | D:4      | Reached skill level 4 in Axes
  3315 | D:4      | HP: 10/43 [poisoned by a kobold]
  3729 | D:4      | Noticed Sigmund
  3738 | D:4      | Reached skill level 5 in Fighting
  3739 | D:4      | Killed Sigmund
  3740 | D:4      | Reached skill level 5 in Axes
  3740 | D:4      | Reached XP level 6. HP: 45/52 MP: 6/6
  3784 | D:4      | Found a shimmering altar of Xom.
  3785 | D:4      | Found a shimmering altar of Xom.
  3785 | D:4      | Found a shimmering altar of Xom.
  3786 | D:4      | Found a shimmering altar of Xom.
  3787 | D:4      | Found a shimmering altar of Xom.
  4027 | D:4      | magus.rc [v1.9.6]
  4027 | D:4      | magus.rc [v1.9.6]
  4061 | D:5      | Entered Level 5 of the Dungeon
  4066 | D:5      | Reached skill level 6 in Fighting
  4066 | D:5      | Reached XP level 7. HP: 58/58 MP: 7/7
  4202 | D:5      | Found an ancient bone altar of Kikubaaqudgha.
  4349 | D:5      | Found a bloodstained altar of Trog.
  4584 | D:5      | Noticed Edmund
  4595 | D:5      | Killed Edmund
  4596 | D:5      | Reached skill level 6 in Axes
  4753 | D:5      | You pick up a book of Spatial Translocations and begin
                  | reading...
  4753 | D:5      | You add the spells Lesser Beckoning and Manifold Assault to
                  | your library.
  4881 | D:5      | Reached skill level 7 in Fighting
  4881 | D:5      | Reached XP level 8. HP: 67/67 MP: 8/8
  5170 | D:6      | Found an iron altar of Okawaru.
  5187 | D:6      | magus.rc [v1.9.6]
  5221 | D:6      | Found a staircase to the Ecumenical Temple.
  5227 | Temple   | Entered the Ecumenical Temple
  5468 | D:6      | Reached skill level 7 in Axes
  5670 | D:6      | Reached skill level 8 in Fighting
  5693 | D:6      | Became a worshipper of Warmaster Okawaru
  5954 | D:6      | Reached XP level 9. HP: 75/75 MP: 9/9
  6064 | D:6      | Reached * piety under Okawaru
  6163 | D:6      | Reached skill level 9 in Fighting
  6163 | D:6      | Reached skill level 8 in Axes
  7086 | D:7      | Noticed a queen bee
  7096 | D:7      | Noticed Splishie's ghost (novice GnWn)
  7097 | D:7      | Found a transporter.
  7277 | D:7      | Reached skill level 1 in Invocations
  7550 | D:7      | Reached ** piety under Okawaru
  7551 | D:7      | Reached skill level 2 in Invocations
  7838 | D:7      | Found a transporter.
  7928 | D:7      | Reached skill level 9 in Axes
  8090 | D:7      | Found Beghal's Magic Scroll Boutique.
  8092 | D:7      | HP: 18/78 [water moccasin (5)]
  8095 | D:7      | Gained mutation: You are robust. (+10% HP) [potion of
                  | mutation]
  8095 | D:7      | Gained mutation: You are partially covered in iridescent
                  | scales. (AC +2) [potion of mutation]
  8095 | D:7      | Gained mutation: Your mind is acute. (Int +4, Str/Dex -1)
                  | [potion of mutation]
  8095 | D:7      | Gained mutation: You possess an exceptional clarity of
                  | mind. [potion of mutation]
  8100 | D:7      | HP: 15/85 [electric eel/bolt of electricity (10)]
  8102 | D:7      | Reached skill level 10 in Fighting
  8102 | D:7      | Reached skill level 3 in Invocations
  8107 | D:7      | Found Pitrugo's Antique Armour Emporium.
  8427 | D:7      | Bought a jewelled chain mail for 237 gold pieces
  8427 | D:7      | Identified the +7 chain mail of Purpose {Str-2 Int+7} (You
                  | bought it in a shop on level 7 of the Dungeon)
  8717 | D:8      | Reached skill level 4 in Invocations
  8717 | D:8      | Reached XP level 10. HP: 44/93 MP: 11/13
  8918 | D:8      | Found a glowing golden altar of the Shining One.
  8956 | D:8      | Noticed a two-headed ogre
  8971 | D:8      | Killed a two-headed ogre
  8971 | D:8      | Reached *** piety under Okawaru
  8972 | D:8      | Reached skill level 6 in Invocations
  9476 | D:8      | Found a sacrificial altar of Ru.
  9478 | D:8      | Found a glowing silver altar of Zin.
  9478 | D:8      | Found a shadowy altar of Dithmenos.
  9483 | D:8      | Found a blossoming altar of Fedhas.
  9677 | D:9      | Reached skill level 7 in Invocations
  9684 | D:9      | Reached **** piety under Okawaru
  9690 | D:9      | HP: 20/94 [yak (7)]
  9789 | D:9      | Noticed a kobold demonologist
 10021 | D:9      | Noticed a rust devil
 10021 | D:9      | HP: 35/141 [poisoned by a red devil]
 10022 | D:9      | HP: 13/141 [rust devil[a kobold demonologist] (5)]
 10023 | D:9      | Killed a kobold demonologist
 10024 | D:9      | Reached skill level 11 in Fighting
 10024 | D:9      | Reached skill level 10 in Axes
 10024 | D:9      | HP: 5/142 [poisoned by a red devil]
 10025 | D:9      | HP: 2/142 [poisoned by a red devil]
 10026 | D:9      | Succumbed to a red devil's poison

Vanquished Creatures
  A two-headed ogre (D:8)
  A kobold demonologist (D:9)
  Sigmund (D:4)
  6 yaks (D:9)
  Edmund (D:5)
  4 water moccasins
  A black bear (D:8)
  2 ice beasts (D:6)
  4 sky beasts
  An ogre (D:7)
  2 centaurs
  A phantom (D:5)
  A kobold brigand (D:7)
  4 bullfrogs
  2 necrophages (D:5)
  4 wights (D:6)
  5 killer bees (D:5)
  A howler monkey (D:9)
  An electric eel (D:7)
  An orc priest (D:7)
  4 hounds
  5 iguanas
  4 orc wizards
  A gnoll (D:7)
  5 adders
  A shadow imp (D:6)
  3 white imps (D:6)
  3 worms
  4 dart slugs
  20 orcs
  3 endoplasms (D:1)
  5 giant cockroaches
  9 goblins
  5 hobgoblins
  9 jackals
  7 quokkas
  8 ball pythons
  A bat (D:1)
  A frilled lizard (D:2)
  5 kobolds
  4 rats
151 creatures vanquished.

Vanquished Creatures (others)
  5 fungi (D:9)
  33 plants
38 creatures vanquished.

Grand Total: 189 creatures vanquished

Table legend:
 A = Non-vault XP
 B = Vault XP
 C = Vault XP percentage of total XP
 D = Non-vault monster count
 E = Vault monster count
 F = Vault count percentage of total count
                 A         B        C        D         E       F
            +---------+---------+-------+---------+---------+-------
      Total |    6132 |     810 |  11.7 |     140 |      11 |   7.3
            +---------+---------+-------+---------+---------+-------
        D:1 |      37 |       2 |   5.1 |      20 |       1 |   4.8
        D:2 |      28 |       2 |   6.7 |      12 |       2 |  14.3
        D:3 |      71 |       0 |   0.0 |      16 |       0 |   0.0
        D:4 |      95 |     231 |  70.9 |      22 |       1 |   4.3
        D:5 |     715 |     164 |  18.7 |      18 |       1 |   5.3
        D:6 |    1065 |       0 |   0.0 |      22 |       0 |   0.0
        D:7 |     871 |     411 |  32.1 |      11 |       6 |  35.3
        D:8 |    1636 |       0 |   0.0 |      11 |       0 |   0.0
        D:9 |    1614 |       0 |   0.0 |       8 |       0 |   0.0
            +---------+---------+-------+---------+---------+-------

Illustrated notes

Table legend:
 A = Kills in this place as a percentage of kills in entire the game.
 B = Kills by you in this place as a percentage of kills by you in the entire game.
 C = Kills by friends in this place as a percentage of kills by friends in the entire game.
 D = Other kills in this place as a percentage of other kills in the entire game.
 E = Experience gained in this place as a percentage of experience gained in the entire game.
 F = Experience gained in this place divided by the number of levels of this place that you have seen.
                   A       B       C       D       E      F
               +-------+-------+-------+-------+-------+----------------------
         Total | 100.0 | 100.0 |   N/A |   N/A | 100.0 | 694.2
       Dungeon | 100.0 | 100.0 |   N/A |   N/A | 100.0 | 771.3
               +-------+-------+-------+-------+-------+----------------------

Table legend: (Time is in decaauts)
 A = Elapsed time spent in this place.
 B = Non-inter-level travel time spent in this place.
 C = Inter-level travel time spent in this place.
 D = Time resting spent in this place.
 E = Time spent auto-exploring this place.
 F = Levels seen in this place.
 G = Mean time per level.
                   A        B        C        D        E       F      G
               +--------+--------+--------+--------+--------+-----+--------+
         Total |  10146 |   9817 |    329 |    436 |   8005 |  10 | 1014.6 |
       Dungeon |   9919 |   9601 |    318 |    436 |   7802 |   9 | 1102.1 |
        Temple |    226 |    216 |     10 |      0 |    203 |   1 |  226.0 |
               +--------+--------+--------+--------+--------+-----+--------+

Top non-repeatable levels by time:
     D:6: 1720 daAuts
     D:7: 1590 daAuts
     D:3: 1236 daAuts
     D:8: 1161 daAuts
     D:5: 1106 daAuts
     D:1: 1001 daAuts
     D:4: 977 daAuts
     D:2: 921 daAuts
  Temple: 226 daAuts
     D:9: 203 daAuts
